 Seeded DCSS version 0.29.1-12-g30fa7ad0bf (webtiles) character file.

Game seed: 3990839637946721268 (custom seed)

75 lotusamurai3 the Ducker (level 4, -1/34 HPs)
             Began as a Demonspawn Gladiator on Dec 24, 2022.
             Slain by an orc
             ... wielding a +0 mace
              (3 damage)
             ... on level 3 of the Dungeon.
             The game lasted 00:01:34 (2995 turns).

lotusamurai3 the Ducker (Demonspawn Gladiator)      Turns: 2995, Time: 00:01:34

Health: -1/34      AC:  4    Str: 15    XL:     4   Next: 11%
Magic:  4/4        EV: 17    Int: 13    God:
Gold:   167        SH:  0    Dex: 16    Spells: 3/3 levels left

rFire   . . .      SeeInvis .   a - +0 long sword
rCold   . . .      Faith    .   (no shield)
rNeg    . . .      Spirit   .   b - +0 leather armour
rPois   +          Reflect  .   c - +0 helmet
rElec   .          Harm     .   (no cloak)
rCorr   .          Rampage  .   (no gloves)
Will    .....                   (no boots)
Stlth   +.........              (no amulet)
HPRegen 0.11/turn               g - +4 ring of evasion
MPRegen 0.09/turn               m - ring of poison resistance

@: lethally poisoned (-1 -> -2)
A: big brain 2
a: no special abilities


You were on level 3 of the Dungeon.
You visited 1 branch of the dungeon, and saw 3 of its levels.

You collected 167 gold pieces.

Inventory:

Hand Weapons
 a - a +0 long sword (weapon)
Missiles
 d - 3 throwing nets (quivered)
 e - 3 javelins
Armour
 b - a +0 leather armour (worn)
 c - a +0 helmet (worn)
Jewellery
 g - a +4 ring of evasion (left hand)
 i - a ring of resist corrosion
 m - a ring of poison resistance (right hand)
 n - a +6 ring of dexterity
Wands
 p - a wand of roots (10)
Scrolls
 f - a scroll of enchant armour {unknown}
 h - 5 scrolls of identify {unknown}
 l - a scroll of blinking {unknown}
 o - a scroll of teleportation {unknown}
 r - a scroll of immolation {unknown}
 s - 2 scrolls of vulnerability {unknown}
 t - a scroll of noise {unknown}
Potions
 j - a potion of heal wounds {unknown}
 k - a potion of flight {unknown}
 q - a potion of degeneration {unknown}


   Skills:
 * Level 2.9 Fighting
 + Level 3.0 Long Blades
 - Level 1.7 Throwing
 * Level 1.6 Armour
 * Level 3.3 Dodging


You had 3 spell levels left.
You didn't know any spells.
Your spell library contained the following spells:

 Spells                   Type           Power      Damage    Failure   Level
 Hailstorm                Conj/Ice       0%         3d3       98%         4
 Ice Form                 Ice/Tmut       0%         N/A       98%         4
 Simulacrum               Ice/Necr       0%         N/A       100%        6


Dungeon Overview and Level Annotations

Branches:
Dungeon (3/15)

Altars:

Shops:
D:2 :   D:3 *


Innate Abilities, Weirdness & Mutations

You have an extremely huge brain. (Int +4)


Message History

You hit the orc.
You kill the orc!
There are monsters nearby!
You hit the orc but do no damage.
The orc is moderately wounded.
The orc completely misses you. The orc misses you.
There are monsters nearby!
You closely miss the orc.
The orc is moderately wounded.
The orc hits you with a +2 short sword of venom.
You are poisoned.
There are monsters nearby!
You hit the orc.
The orc is heavily wounded.
You feel very sick. The orc completely misses you.
There are monsters nearby!
You slash the orc!
You kill the orc!
You feel very sick. The orc closely misses you.
There are monsters nearby!
You hit the orc but do no damage.
You feel sick. The orc completely misses you.
There are monsters nearby!
You barely miss the orc.
You feel sick. The orc hits you with a +0 mace.
You hit the orc but do no damage.
You feel sick. The orc hits you with a +0 mace.
You are too injured to fight recklessly!
You are too injured to fight recklessly!
You hit the orc.
The orc is severely wounded.
You feel sick. The orc barely misses you. x2
You hit the orc but do no damage.
The orc is severely wounded.
You feel sick. The orc hits you with a +0 mace!
* * * LOW HITPOINT WARNING * * *
You are too injured to fight recklessly!
Unknown command.
The orc attacks as you move away! The orc hits you with a +0 mace.
You die...

# ####### ##'### # #.# #
#.# # #.# # #.# # #.####
# #....#
###################....#
.............woo@.'>...#
############.######....#
# #$...# #......# #
#..o.# #......# # #....#
#...#### # #.w..# #...#
# .....## #...# # ###.#.
##### ....


You could see a dart slug and 2 orcs.

Vanquished Creatures
  2 adders
  2 worms (D:2)
  A dart slug (D:2)
  2 orcs (D:3)
  A ball python (D:2)
  A bat (D:1)
  3 endoplasms
  2 giant cockroaches
  4 goblins
  6 hobgoblins
  3 jackals (D:2)
  5 quokkas
  A frilled lizard (D:1)
  3 kobolds
  5 rats
41 creatures vanquished.

Notes
Turn   | Place    | Note
-------+----------+-------------------------------------------
     0 | D:1      | lotusamurai3 the Demonspawn Gladiator began the quest for
                  | the Orb.
     0 | D:1      | Reached XP level 1. HP: 16/16 MP: 1/1
   340 | D:1      | Gained mutation: You have an unusually large brain. (Int
                  | +2) [demonic ancestry]
   340 | D:1      | Reached XP level 2. HP: 22/22 MP: 2/2
   917 | D:1      | Reached skill level 1 in Armour
  1230 | D:2      | Found a faded altar of an unknown god.
  1479 | D:2      | Reached XP level 3. HP: 27/28 MP: 3/3
  2139 | D:2      | Found Huelis's Book Shop.
  2490 | D:3      | Noticed a gnoll sergeant
  2696 | D:3      | Found Emuafauv's General Store.
  2741 | D:3      | Gained mutation: You have an extremely huge brain. (Int +4)
                  | [demonic ancestry]
  2741 | D:3      | Reached XP level 4. HP: 13/34 MP: 4/4
  2995 | D:3      | Slain by an orc

Illustrated notes

Levels and vault maps discovered:
D:1:      amcnicky_arrival_flooded_fountain, layout_loops_corners
D:2:      layout_loops_ring, serial_shops, nicolae_shop_waterfront,
          hellmonk_ecumenical_altar_zigzags
D:3:      layout_basic, serial_shops, nicolae_shop_hallway_plus, moated_statue,
          chequers_mini_garden

Skill      XL: |  1  2  3  4 |
---------------+-------------+-----
Dodging        | 3 |  3.3
Armour         | 1 |  1.6
Long Blades    | 3 |  3.0
Fighting       | |  2.9
Throwing       | |  1.7

Action                   |  1- 3 |  4- 6 || total
-------------------------+-------+-------++-------
Melee: Long sword        |   110 |    18 ||   128
       Punch             |     1 |       ||     1
 Stab: Sleeping          |     2 |       ||     2
Armor: Leather armour    |    20 |     2 ||    22
Dodge: Dodged            |    70 |    14 ||    84
